 Dungeon Crawl Stone Soup version 0.30-a0-728-gc68057be0a (webtiles) character file.

Game seed: 8410038643213040422

98 dialectric the Covered (level 4, 0/28 HPs)
             Began as a Gargoyle Fighter on Jan 30, 2023.
             Blown up by Ijyb (13 damage)
             ... with a mindburst bolt
             ... on level 3 of the Dungeon.
             The game lasted 00:01:58 (1322 turns).

dialectric the Covered (Gargoyle Fighter)           Turns: 1322, Time: 00:01:59

Health: 0/28       AC: 12    Str: 22    XL:     4   Next: 71%
Magic:  4/4        EV:  9    Int:  8    God:
Gold:   61         SH:  0    Dex:  9    Spells: 3/3 levels left

rFire   . . .      SeeInvis .    a - +0 long sword
rCold   + . .      Faith    .    (no shield)
rNeg    + . .      Spirit   .    d - +1 scale mail {rC+}
rPois   ∞          Reflect  .    p - +0 helmet
rElec   +          Harm     .    (no cloak)
rCorr   .          Rampage  .    (no gloves)
Will    .....                    (no boots) Stlth
                                 (no amulet)
HPRegen 0.24/turn                (no ring)
MPRegen 0.09/turn                (no ring)

@: mighty
A: sickness immunity, AC +3, negative energy resistance 1, electricity
resistance, torment resistance 1, petrification resistance
a: no special abilities


You were on level 3 of the Dungeon.
You visited 1 branch of the dungeon, and saw 3 of its levels.

You collected 61 gold pieces.

Inventory:

Hand Weapons
 a - a +0 long sword (weapon)
Armour
 c - a +0 buckler
 d - a +1 scale mail of cold resistance (worn)
 l - a +0 chain mail
 p - a +0 helmet (worn)
Jewellery
 i - a ring of wizardry
 j - a ring of fire
 n - a +5 ring of evasion
Scrolls
 e - 3 scrolls of identify {unknown}
 g - a scroll of immolation {unknown}
 h - a scroll of amnesia {unknown}
 k - 2 scrolls of vulnerability {unknown}
 m - a scroll of magic mapping {unknown}
 q - a scroll of teleportation {unknown}
 r - a scroll of fear {unknown}
Potions
 f - 3 potions of degeneration {unknown}
 o - a potion of lignification {unknown}
 s - a potion of curing {unknown}


   Skills:
 + Level 3.6 Fighting
 * Level 3.3 Long Blades
 + Level 4.3 Armour
 + Level 0.1 Dodging
 + Level 0.3 Stealth
 - Level 3.2 Shields


You had 3 spell levels left.
You didn't know any spells.
Your spell library contained the following spells:

 Spells                   Type           Power      Damage    Failure   Level
 Ensorcelled Hibernation  Hex/Ice        0%         N/A       86%         2
 Spider Form              Tmut/Pois      0%         N/A       97%         3
 Anguish                  Hex/Necr       0%         N/A       100%        4


Dungeon Overview and Level Annotations

Branches:
Dungeon (3/15)

Altars:

Annotations:
D:3 Ijyb


Innate Abilities, Weirdness & Mutations

You are immune to sickness and miasma.
Your stone body is resilient. (AC +3)
You are immune to poison.
You resist negative energy. (rN+)
You are resistant to electric shocks. (rElec)
You are resistant to unholy torment.
You are immune to petrification.


Message History

Done exploring.
No target in view!
Done exploring.
No target in view!
Done exploring.
Done exploring.
No target in view!
No target in view!
You drop a +0 scale mail.
There is a stone staircase leading down here.
You climb downwards.
There is a stone staircase leading up here.
A dart slug comes into view.
Found 17 gold pieces.
A dart slug is nearby!
Found 4 stones.
The dart slug launches a dart at you.
The slug dart hits you but does no damage.
The dart slug launches a dart at you.
The slug dart hits you but does no damage.
You hit the dart slug.
The dart slug is moderately wounded.
Ijyb the Twisted Goblin comes into view.
She is wielding a +0 club and carrying a wand of mindburst (16).
The dart slug bites you but does no damage.
Ijyb shouts!
You slash the dart slug!
You kill the dart slug!
Ijyb zaps a wand.
Your mind is blasted!
Ijyb zaps a wand.
Your mind is blasted!
You closely miss Ijyb. Ijyb hits you but does no damage.
You slash Ijyb!
Ijyb is heavily wounded.
Ijyb closely misses you. Ijyb hits you but does no damage.
You hit Ijyb.
Ijyb is severely wounded.
Ijyb hits you with a +0 club.
You barely miss Ijyb.
Ijyb is severely wounded.
Ijyb zaps a wand.
Your mind is blasted!
You die...

#.............
#.............
#..............
#..............
##..............
#...............
#!.............
##.#......$......
......g@....(..##
.#.#...........#
#.............+
...............#
....##'#########
#### #. #. ##


You could see Ijyb.

Vanquished Creatures
  Natasha (D:2)
  Terence (D:2)
  A worm (D:2)
  4 dart slugs
  5 ball pythons
  2 bats (D:1)
  6 endoplasms
  2 giant cockroaches
  2 goblins (D:1)
  4 hobgoblins
  2 kobolds (D:2)
  3 frilled lizards
  3 rats
36 creatures vanquished.

Notes
Turn   | Place    | Note
-------+----------+-------------------------------------------
     0 | D:1      | dialectric the Gargoyle Fighter began the quest for the
                  | Orb.
     0 | D:1      | Reached XP level 1. HP: 14/14 MP: 1/1
    66 | D:1      | Reached XP level 2. HP: 19/19 MP: 2/2
    77 | D:1      | Found a faded altar of an unknown god.
   344 | D:1      | Reached XP level 3. HP: 23/23 MP: 3/3
   439 | D:1      | You fall into a shaft and drop 1 floor!
   785 | D:2      | Noticed Natasha
  1097 | D:2      | Killed Natasha
  1098 | D:2      | Reached skill level 4 in Armour
  1098 | D:2      | Reached XP level 4. HP: 3/28 MP: 4/4
  1239 | D:3      | Noticed Terence
  1263 | D:2      | Killed Terence
  1313 | D:3      | Noticed Ijyb
  1322 | D:3      | Blown up by Ijyb

Illustrated notes

Levels and vault maps discovered:
D:1:      dpeg_arrival_orchard, layout_rooms, nicolae_ecumenical_snake_handling
D:2:      minmay_angry_zag, layout_rooms, minmay_tetromino_l4, uniq_natasha
D:3:      layout_basic, nicolae_wu_jian_immortal_techniques,
          dreamdust_wishing_well, uniq_jessica, uniq_ijyb, uniq_terence

Skill      XL: |  1  2  3  4 |
---------------+-------------+-----
Long Blades    | 2 3 |  3.3
Armour         | 4 |  4.3
Fighting       | |  3.6
Dodging        | |  0.1
Stealth        | |  0.3
Shields        | |  3.2

Action                     |  1- 3 |  4- 6 || total
---------------------------+-------+-------++-------
  Melee: Long sword        |   109 |    14 ||   123
    Use: Potion            |       |     1 ||     1
 Armour: Scale mail        |    64 |     9 ||    73
  Dodge: Dodged            |    59 |     8 ||    67

Table legend: (Time is in decaauts)
 A = Elapsed time spent in this place.
 B = Non-inter-level travel time spent in this place.
 C = Inter-level travel time spent in this place.
 D = Time resting spent in this place.
 E = Time spent auto-exploring this place.
 F = Levels seen in this place.
 G = Mean time per level.
                   A        B        C        D        E       F      G
               +--------+--------+--------+--------+--------+-----+--------+
         Total |   1357 |   1331 |     26 |    145 |    788 |   3 |  452.3 |
       Dungeon |   1357 |   1331 |     26 |    145 |    788 |   3 |  452.3 |
               +--------+--------+--------+--------+--------+-----+--------+

Top non-repeatable levels by time:
     D:2: 766 daAuts
     D:1: 564 daAuts
     D:3: 27 daAuts
